 Dungeon Crawl Stone Soup version 0.29-a0-397-g846e4a0bbc (webtiles) character file.

Game seed: 4163765220719849807

7 domi the Magician (level 1, -2/13 HPs)
             Began as a Demonspawn Hedge Wizard on May 11, 2022.
             Slain by a goblin
             ... wielding a +0 hand axe
              (5 damage)
             ... on level 1 of the Dungeon.
             The game lasted 00:00:34 (340 turns).

domi the Magician (Demonspawn Hedge Wizard)          Turns: 340, Time: 00:00:35

Health: -2/13      AC:  2    Str: 10    XL:     1   Next: 83%
Magic:  0/4        EV: 12    Int: 15    God:
Gold:   31         SH:  0    Dex: 12    Spells: 5/6 levels left

rFire   . . .      SeeInvis .   a - +0 dagger
rCold   + . .      Faith    .   (no shield)
rNeg    . . .      Spirit   .   b - +0 robe
rPois   .          Reflect  .   c - +0 hat
rElec   .          Harm     .   (no cloak)
rCorr   .          Rampage  .   (no gloves)
Will    +....                   (no boots)
Stlth   ++........              (no amulet)
HPRegen 0.04/turn               f - ring of willpower
MPRegen 0.09/turn               h - ring of protection from cold {rC+}

@: no status effects
A: no striking features
a: no special abilities


You were on level 1 of the Dungeon.
You visited 1 branch of the dungeon, and saw 1 of its levels.

You collected 31 gold pieces.

Inventory:

Hand Weapons
 a - a +0 dagger (weapon)
Armour
 b - a +0 robe (worn)
 c - a +0 hat (worn)
Jewellery
 f - a ring of willpower (left hand)
   (You found it on level 1 of the Dungeon)
 h - a ring of protection from cold (right hand) {rC+}
   (You found it on level 1 of the Dungeon)
Scrolls
 e - a scroll of acquirement {unknown}
 g - a scroll of identify {unknown}
Potions
 d - a potion of magic
 i - a potion of brilliance {unknown}


   Skills:
 - Level 1.7 Dodging
 - Level 1.7 Stealth
 - Level 3.0 Spellcasting
 + Level 2.0 Conjurations
 - Level 1.0 Summonings
 - Level 0.8 Translocations


You had 5 spell levels left.
You knew the following spells:

 Your Spells              Type           Power      Damage    Failure   Level
z - Magic Dart            Conj           32%        1d4       9%          1

Your spell library contained the following spells:

 Spells                   Type           Power      Damage    Failure   Level
 Slow                     Hex            8%         N/A       21%         1
 Call Imp                 Summ           5%         N/A       21%         2
 Blink                    Tloc           8%         N/A       22%         2
 Conjure Flame            Conj/Fire      5%         6-21      36%         3
 Mephitic Cloud           Conj/Pois/Air  4%         N/A       43%         3


Dungeon Overview and Level Annotations

Branches:
Dungeon (1/15)

Altars:


Message History

e - a scroll labelled WISUFU OLUSAPS You start resting.
Health restored: 13; MP restored: 4 You see here a dart slug corpse.
You open the door.
f - a ring of willpower
g - a scroll labelled NIZIAN XEPSIR You now have 18 gold pieces.
You open the door. You open the door.
There is an open door here.
Found a stone staircase leading down.
h - a ring of protection from cold {rC+} You now have 31 gold pieces (gained 13).
A quokka comes into view.
Aim: a quokka (asleep, 100% to hit)
You miscast Magic Dart.
You are very lightly contaminated with residual magic.
Nothing appears to happen.
You now have 3/4 mp.
Aim: a quokka (asleep, 100% to hit)
The magic dart hits the quokka.
You now have 2/4 mp.
Aim: a quokka (moderately wounded, 100% to hit)
The magic dart hits the quokka.
You now have 1/4 mp.
Aim: a quokka (moderately wounded, 100% to hit)
The magic dart hits the quokka.
You kill the quokka!
You now have 0/4 mp.
You don't have enough magic to cast this spell.
You start resting.
Your magical contamination has completely faded away.
f - a ring of willpower (left hand)
h - a ring of protection from cold (right hand) {rC+}
Found a stone staircase leading down.
MP restored: 4 A ball python comes into view.
A ball python is nearby!
A ball python is nearby!
Aim: a ball python (100% to hit)
The magic dart hits the ball python.
You now have 3/4 mp.
Aim: a ball python (severely wounded, 100% to hit)
The magic dart hits the ball python.
You kill the ball python!
You now have 2/4 mp.
You can't see any susceptible monsters within range! (Use Z to cast anyway.)
You can't see any susceptible monsters within range! (Use Z to cast anyway.)
There is a stone staircase leading down here.
i - a brown potion MP restored: 4 A goblin comes into view.
It is wielding a +0 hand axe.
A goblin is nearby!
A goblin is nearby!
A goblin is nearby!
Aim: a goblin, wielding a +0 hand axe and wearing a +0 robe (wandering, hasn't noticed you, 100% to hit)
The magic dart hits the goblin.
The goblin shouts!
A kobold comes into view. It is wielding a +0 club.
You now have 3/4 mp.
Aim: a goblin, wielding a +0 hand axe and wearing a +0 robe (severely wounded, 100% to hit)
The magic dart hits the goblin but does no damage.
The kobold shouts!
You now have 2/4 mp.
Aim: a goblin, wielding a +0 hand axe and wearing a +0 robe (severely wounded, 100% to hit)
The magic dart hits the goblin but does no damage.
You now have 1/4 mp.
Aim: a goblin, wielding a +0 hand axe and wearing a +0 robe (moderately wounded, 100% to hit)
You miscast Magic Dart.
You are very lightly contaminated with residual magic.
Nothing appears to happen.
You now have 0/4 mp.
You don't have enough magic to cast this spell.
You don't have enough magic to cast this spell.
You don't have enough magic to cast this spell.
You completely miss the kobold. The kobold hits you with a +0 club.
You take 4 damage, and have 9/13 hp.
MASSIVE DAMAGE!!
Unknown command.
The kobold attacks as you move away! The kobold hits you with a +0 club.
You take 3 damage, and have 6/13 hp.
MASSIVE DAMAGE!!
The kobold attacks as you move away! The kobold misses you.
Your magical contamination has completely faded away.
You closely miss the kobold. The kobold hits you with a +0 club.
You take 2 damage, and have 5/13 hp.
You hit the kobold. The kobold closely misses you.
Unknown command.
Aim: a goblin, wielding a +0 hand axe and wearing a +0 robe (100% to hit)
The magic dart hits the kobold.
You kill the kobold!
Your Conjurations skill increases to level 2!
You now have 0/4 mp.
The goblin attacks as you move away! The goblin hits you with a +0 hand axe.
* * * LOW HITPOINT WARNING * * *
You take 2 damage, and have 3/13 hp.
Aim: a goblin, wielding a +0 hand axe and wearing a +0 robe (100% to hit)
The magic dart hits the goblin.
The goblin hits you with a +0 hand axe.
You die...

##....>.###.#
#.......†..##.#
#.##...##..##.# #
#.#.##..##.#
#.#.##..##.##
#.#.##......# ..
##.##..#
####.##.g#
........@#
.###.###.# #. #.#
#.######.## ###.#
#.........#
....###.######..#
.............#..#
#######.####.#..#
#.# #.#.†# #.#
##.#..######


You could see a goblin.

Vanquished Creatures
  A dart slug (D:1)
  A hobgoblin (D:1)
  A quokka (D:1)
  A ball python (D:1)
  A kobold (D:1)
5 creatures vanquished.

Notes
Turn   | Place    | Note
-------+----------+-------------------------------------------
     0 | D:1      | domi the Demonspawn Hedge Wizard began the quest for the
                  | Orb.
     0 | D:1      | Reached XP level 1. HP: 13/13 MP: 4/4
   332 | D:1      | Reached skill level 2 in Conjurations
   337 | D:1      | HP: 3/13 [goblin/+0 hand axe (2)]
   340 | D:1      | Slain by a goblin

Illustrated notes

Levels and vault maps discovered:
D:1:      minmay_arrival_four_houses, layout_loops_ring, chequers_garden,
          grunt_decor_arrowhead, kennysheep_nondescript, minmay_pentomino_t2

Skill      XL: |  1 |
---------------+----+-----
Conjurations   | 2 |  2.0
Dodging        | |  1.7
Stealth        | |  1.7
Spellcasting   | |  3.0
Summonings     | |  1.0
Translocations | |  0.8

Action                   || total
-------------------------++-------
Melee: Dagger            ||    16
       Punch             ||     1
 Cast: Magic Dart        ||    14
Armor: Robe              ||     1
Dodge: Dodged            ||     8

Table legend: (Time is in decaauts)
 A = Elapsed time spent in this place.
 B = Non-inter-level travel time spent in this place.
 C = Inter-level travel time spent in this place.
 D = Time resting spent in this place.
 E = Time spent auto-exploring this place.
 F = Levels seen in this place.
 G = Mean time per level.
                   A        B        C        D        E       F      G
               +--------+--------+--------+--------+--------+-----+--------+
         Total |    339 |    339 |      0 |     75 |    202 |   1 |  339.0 |
       Dungeon |    339 |    339 |      0 |     75 |    202 |   1 |  339.0 |
               +--------+--------+--------+--------+--------+-----+--------+

Top non-repeatable levels by time:
     D:1: 339 daAuts

Table legend:
 A = Kills in this place as a percentage of kills in entire the game.
 B = Kills by you in this place as a percentage of kills by you in the entire game.
 C = Kills by friends in this place as a percentage of kills by friends in the entire game.
 D = Other kills in this place as a percentage of other kills in the entire game.
 E = Experience gained in this place as a percentage of experience gained in the entire game.
 F = Experience gained in this place divided by the number of levels of this place that you have seen.
                   A       B       C       D       E      F
               +-------+-------+-------+-------+-------+----------------------
         Total | 100.0 | 100.0 |   N/A |   N/A | 100.0 |  10.0
       Dungeon | 100.0 | 100.0 |   N/A |   N/A | 100.0 |  10.0
               +-------+-------+-------+-------+-------+----------------------
